 Dungeon Crawl Stone Soup version 0.31.0-9-g3a7656b989 (webtiles) character file.

Game seed: 16323800858178737125

23 qw the Shooter (level 2, -6/16 HPs)
             Began as a Deep Elf Hunter on Feb 2, 2024.
             Mangled by a ribbon worm (7 damage)
             ... on level 1 of the Dungeon.
             The game lasted 00:00:02 (651 turns).

qw the Shooter (Deep Elf Hunter)                     Turns: 651, Time: 00:00:02

Health: -6/16      AC:  5    Str:  8    XL:     2   Next: 72%
Magic:  4/4        EV: 10    Int: 13    God:
Gold:   21         SH:  0    Dex: 18    Spells: 1/1 levels left

rFire   . . .        a - +0 shortbow
rCold   . . .        (shield currently unavailable)
rNeg    . . .        d - +0 ring mail
rPois   .            (no helmet)
rElec   .            (no cloak)
rCorr   .            (no gloves)
SInv    .            (no boots)
Will    .....        (no amulet)
Stlth   +            (no ring)
HPRegen 0.22/turn    (no ring)
MPRegen 0.09/turn

%: no passive effects
@: no status effects
A: no striking features
a: no special abilities


You were on level 1 of the Dungeon.
You visited 1 branch of the dungeon, and saw 2 of its levels.

You collected 21 gold pieces.


   Skills:
 - Level 1.5 Fighting
 + Level 6.4 Ranged Weapons
 - Level 2.4 Dodging
 - Level 1.2 Stealth


You had one spell level left.
You didn't know any spells.
Your spell library was empty.

Inventory:

Hand Weapons
 a - a +0 shortbow (weapon)
Armour
 d - a +0 ring mail (worn)
Potions
 e - a potion of enlightenment
 f - a potion of curing {unknown}
 h - a potion of berserk rage {unknown}

Dungeon Overview and Level Annotations

Branches:
Dungeon (2/15)

Altars:


Message History

The jackal closely misses you. The rat barely misses you.
The ribbon worm bites you but does no damage.
The jackal misses you.
You shoot an arrow.
The arrow hits the jackal but does no damage.
The jackal is heavily wounded.
The jackal closely misses you. The rat bites you but does no damage.
The ribbon worm closely misses you. The jackal barely misses you.
You shoot an arrow. The arrow hits the jackal.
The jackal is almost dead.
The rat bites you. The jackal barely misses you. The ribbon worm bites you.
The rat bites you but does no damage.
The jackal bites you but does no damage.
You shoot an arrow.
The arrow hits the jackal but does no damage.
The jackal is almost dead.
The jackal bites you but does no damage.
The ribbon worm barely misses you. The rat bites you.
You shoot an arrow. The arrow hits the jackal.
You kill the jackal!
The rat closely misses you. The ribbon worm barely misses you.
You shoot an arrow. The arrow hits the ribbon worm.
The ribbon worm is moderately wounded.
The rat closely misses you. The ribbon worm bites you.
You shoot an arrow. The arrow hits the ribbon worm!
The ribbon worm is severely wounded.
The rat completely misses you. The ribbon worm closely misses you.
The rat closely misses you.
You shoot an arrow. The arrow hits the ribbon worm.
The ribbon worm is severely wounded.
The ribbon worm expels a string of sticky webbing.
The stream of webbing misses you. The rat bites you.
You shoot an arrow. The arrow hits the ribbon worm.
The ribbon worm is severely wounded.
The rat barely misses you.
The ribbon worm bites you but does no damage.
You shoot an arrow. The arrow hits the ribbon worm.
The ribbon worm is severely wounded.
The rat barely misses you. The ribbon worm bites you!
You die...

..##....#................#######.
.........>.......................
..#####.#................####....
..# #.......................###
.## ##.................####...#
.## #......)..........# ##...
..######.#..###h###.####.# #..#
#.....##.##.# #w###.# ### ##...
#..)..##.##.###%@##.# #....
#.....#..##..###r##.# ##### #....
#.....#.####...#.##.# #...# #....
#...................# #.<.# #.##.
#....%#.####....#...# #...# #.##.
#.....#.# #....##..# #...# #....
#.....#.# #....##..####'####....
###...#.# #........#......##....
##..#.####...##...#.......#.##.


You could see a ribbon worm (catching breath), a jackal and a rat.

Vanquished Creatures
  A dart slug (D:1)
  2 ball pythons (D:1)
  A giant cockroach (D:1)
  4 goblins (D:1)
  3 hobgoblins (D:1)
  A jackal (D:1)
  3 quokkas (D:1)
  3 frilled lizards (D:1)
18 creatures vanquished.

Notes
Turn   | Place    | Note
-------+----------+-------------------------------------------
     0 | D:1      | qw the Deep Elf Hunter began the quest for the Orb.
     0 | D:1      | Reached XP level 1. HP: 12/12 MP: 3/3
     0 | D:1      | 0 ||| qw: Version: 0.3-a-155-g5e7d8dd
     0 | D:1      | 0 ||| qw: Game counter: 2019
     0 | D:1      | 0 ||| qw: Melee chars always use a shield: true
     0 | D:1      | 0 ||| qw: God list: Okawaru
     0 | D:1      | 0 ||| qw: Allow faded altars: false
     0 | D:1      | 0 ||| qw: Do Orc after clearing Dungeon:15 true
     0 | D:1      | 0 ||| qw: Do second Lair branch before Depths: true
     0 | D:1      | 0 ||| qw: Lair rune preference: random
     0 | D:1      | 0 ||| qw: Goals: Normal
     0 | D:1      | 0 ||| PLANNING D:1-11
   162 | D:1      | Reached skill level 6 in Ranged Weapons
   162 | D:1      | Reached XP level 2. HP: 16/16 MP: 4/4
   569 | D:1      | 569 ||| UPGRADING to +0 ring mail.
   579 | D:1      | 579 ||| DROPPING +0 leather armour.
   580 | D:1      | 580 ||| READING scroll labelled XIAPSU MEVOOGGUV.
   580 | D:1      | 580 ||| IDENTIFYING bubbling white potion
   581 | D:1      | 581 ||| DROPPING scroll of butterflies.
   632 | D:2      | 632 ||| STAIRDANCE
   636 | D:2      | 636 ||| STAIRDANCE
   644 | D:1      | HP: 3/16 [ribbon worm (4)]
   647 | D:1      | HP: 1/16 [ribbon worm (2)]
   651 | D:1      | Mangled by a ribbon worm

Levels and vault maps discovered:
D:1:      dpeg_arrival_erosion, layout_rooms
D:2:      layout_rooms, uniq_sigmund

Skill      XL: |  1 |
---------------+----+-----
Ranged Weapons | 6 |  6.4
Fighting       | |  1.5
Dodging        | |  2.4
Stealth        | |  1.2

Action                     || total
---------------------------++-------
   Fire: Shortbow          ||    65
    Use: Scroll            ||     1
 Armour: Leather armour    ||    12
         Ring mail         ||    26
  Dodge: Dodged            ||    37

Table legend:
 A = Non-vault XP
 B = Vault XP
 C = Vault XP percentage of total XP
 D = Non-vault monster count
 E = Vault monster count
 F = Vault count percentage of total count
                 A         B        C        D         E       F
            +---------+---------+-------+---------+---------+-------
      Total |      33 |       0 |   0.0 |      18 |       0 |   0.0
            +---------+---------+-------+---------+---------+-------
        D:1 |      33 |       0 |   0.0 |      18 |       0 |   0.0
            +---------+---------+-------+---------+---------+-------
